 Dungeon Crawl Stone Soup version 0.26.1-10-gdfb7c7de75 (webtiles) character file.

Game seed: 10278715658113639515

13320 Chiseanne the Blocker (level 11, -15/83 HPs)
             Began as a Demonspawn Hedge Wizard on Apr 8, 2021.
             Was a Priest of Vehumet.
             Demolished by a boulder beetle (26 damage)
             ... on level 13 of the Dungeon.
             The game lasted 00:36:37 (14951 turns).

Chiseanne the Blocker (Demonspawn Hedge Wizard)    Turns: 14951, Time: 00:36:38

Health: -15/83     AC:  9    Str: 10    XL:     11   Next: 74%
Magic:  7/22       EV: 11    Int: 25    God:    Vehumet [***...]
Gold:   834        SH: 15    Dex: 13    Spells: 7/25 levels left

rFire    . . .     SeeInvis .   a - +7 dagger (venom)
rCold    . . .     Faith    .   l - +3 buckler
rNeg     . . .     Spirit   .   O - +0 troll leather armour
rPois    +         Reflect  .   E - +2 hat
rElec    .         Harm     .   S - +2 cloak
rCorr    .         Rampage  .   o - +0 pair of gloves
Will     .....                  u - +0 pair of boots
Stlth    ++........             (no amulet)
HPRegen  0.63/turn              P - +6 ring of intelligence
MPRegen  0.18/turn              f - ring of poison resistance

@: no status effects
A: hooves 1, large bone plates 2, deformed body, spiny 3
a: Renounce Religion


You were on level 13 of the Dungeon.
You worshipped Vehumet.
Vehumet was most pleased with you.
You visited 2 branches of the dungeon, and saw 14 of its levels.
You also visited: Ossuary.

You collected 834 gold pieces.

Inventory:

Hand Weapons
 a - a +7 dagger of venom (weapon)
 c - the +4 spear of the Rattlesnake {drain, rPois MP+9 Int+2}
   (You found it on level 7 of the Dungeon)

   A truly terrible weapon, it drains the life of those it strikes.
   It affects your intelligence (+2).
   It protects you from poison.
   It affects your magic capacity (+9).
 s - a +3 mace of protection
 N - a +0 short sword of electrocution
 R - a cursed -2 falchion
 U - a +5 scimitar of freezing
Missiles
 k - 79 poisoned darts (quivered)
 m - 123 bolts
 A - 14 boomerangs
 C - 69 sling bullets
 G - 5 javelins
 H - 2 throwing nets
Armour
 l - a +3 buckler (worn)
 o - a +0 pair of gloves (worn)
 u - a +0 pair of boots (worn)
 E - a +2 hat (worn)
 O - a +0 troll leather armour (worn)
 S - a +2 cloak (worn)
 W - a +1 robe of cold resistance
 X - a +2 leather armour of fire resistance
Magical Staves
 d - an uncursed staff of conjuration
 K - an uncursed staff of fire
Jewellery
 f - a ring of poison resistance (right hand)
 h - a +4 ring of evasion
 i - an uncursed ring of positive energy
 J - an uncursed ring of flight
 P - a +6 ring of intelligence (left hand)
Wands
 b - a wand of paralysis (5)
 D - a wand of enslavement (10)
 F - a wand of flame (40)
Scrolls
 p - 10 scrolls of remove curse
 r - a scroll of identify
 x - 2 scrolls of amnesia
 y - 2 scrolls of teleportation
 B - 2 scrolls of fear
 T - a scroll of blinking
Potions
 e - a potion of magic
 g - 2 potions of brilliance {unknown}
 j - 4 potions of cancellation
 n - a potion of resistance {unknown}
 q - 6 potions of heal wounds
 t - 4 potions of haste
 v - a potion of ambrosia {unknown}
 w - 2 potions of might
 z - 3 potions of mutation
 I - 4 potions of curing
 L - 2 potions of berserk rage
 M - a potion of invisibility {unknown}
 Q - a potion of degeneration {unknown}
Miscellaneous
 V - a phantom mirror


   Skills:
 - Level 6.4 Fighting
 - Level 1.7 Dodging
 - Level 1.7 Stealth
 * Level 8.7 Shields
 * Level 7.7 Spellcasting
 * Level 7.7 Conjurations
 - Level 1.0 Summonings
 - Level 0.8 Translocations
 * Level 5.1 Fire Magic
 - Level 6.1 Air Magic
 - Level 5.8 Poison Magic


You had 7 spell levels left.
You knew the following spells:

 Your Spells              Type           Power        Failure   Level
a - Magic Dart            Conj           100%         1%          1
b - Iskenderun's Mystic   Conj/Tloc      31%          4%          4
c - Airstrike             Air            20%          1%          4
d - Mephitic Cloud        Conj/Pois/Air  42%          1%          3
e - Sticky Flame          Conj/Fire      41%          1%          4
f - Blink                 Tloc           N/A          9%          2

Your spell library contained the following spells:

 Spells                   Type           Power        Failure   Level
 Foxfire                  Conj/Fire      100%         1%          1
 Shock                    Conj/Air       100%         1%          1
 Swiftness                Air            40%          1%          2
 Conjure Flame            Conj/Fire      41%          1%          3
 Static Discharge         Conj/Air       44%          1%          3
 Stone Arrow              Conj/Erth      56%          1%          3
 Sandblast                Erth           18%          2%          1
 Inner Flame              Hex/Fire       22%          2%          3
 Fireball                 Conj/Fire      20%          4%          5
 Lightning Bolt           Conj/Air       22%          4%          5
 Animate Skeleton         Necr           18%          9%          1
 Pain                     Necr           36%          9%          1
 Call Imp                 Summ           14%          9%          2
 Passwall                 Tmut/Erth      7%           13%         2
 Slow                     Hex            9%           13%         2
 Vampiric Draining        Necr           4%           26%         3
 Lee's Rapid Deconstruct  Erth           4%           50%         5
 Animate Dead             Necr           4%           63%         4
 Petrify                  Tmut/Erth      9%           63%         4
 Agony                    Necr           9%           93%         5


Dungeon Overview and Level Annotations

Branches:
Dungeon (13/15)            Temple (1/1) D:7            Lair (0/6) D:8
Ossuary (visited)
    Orc: D:9-12      Vaults: D:13-14

Altars:
Cheibriados
Elyvilon
Gozag
Nemelex Xobeh
Okawaru
Qazlal
Ru
Sif Muna
Trog
Vehumet
Wu Jian
Xom
Yredelemnul
The Shining One


Innate Abilities, Weirdness & Mutations

You have large cloven feet.
You are mostly covered in large bone plates. (SH +6)
You are completely covered in sharp spines.
Armour fits poorly on your strangely shaped body.


Message History

You erupt in a blast of force!
The mystic blast hits the boulder beetle but does no damage.
The boulder beetle is heavily wounded.
The boulder beetle bites you but does no damage.
Casting: Iskenderun's Mystic Blast (dangerous; 4% risk of failure)
Confirm with . or Enter, or press ? or * to list all spells.
You erupt in a blast of force!
The mystic blast hits the boulder beetle but does no damage.
The boulder beetle is heavily wounded.
The boulder beetle bites you but does no damage.
The bullfrog closely misses the worker ant.
The bullfrog hits something.
An ice beast comes into view.
Casting: Iskenderun's Mystic Blast (dangerous; 4% risk of failure)
Confirm with . or Enter, or press ? or * to list all spells.
You erupt in a blast of force!
The mystic blast hits the boulder beetle but does no damage.
The boulder beetle is heavily wounded.
The boulder beetle bites you!!
You die...

.....#####..# *#...#* *,,,,,,,,
........#...# *#..## **,,,.,,,,
......#.....## #...##*,,..#****
.....###)..).## ##.YF.##..##* **
.....# #....).###..#..)....#* *,
.....#*#...).....B####F.....#***,
.....##......†.B.## *#......**,*
..........###..B## *.#....,,,*
.......#...*#...@#* **,.,...,,,*
*,....###..##.....#***,,..,..**,,
**....* ##..#......#*,,**..,#**,,
*##.** *..#..##...#,***#..,***,
*,* **,....#*#....,****,,***, *,*
**,..#.##**.###.,****,,*,, ***
*,.....,**,## **#,****,,,* **
**###..,**** **,* **,** ,* *****
*** *,,*


You could see a boulder beetle (poisoned) and a worker ant.

Vanquished Creatures
  A hydra (D:10)
  A boulder beetle (D:13)
  2 centaur warriors
  An ogre mage (D:12)
  Pikel (D:7)
  A deep elf mage (D:13)
  A cyclops (D:11)
  2 ugly things
  A manticore (D:11)
  An elephant (D:8)
  A gargoyle (D:10)
  A centaur skeleton (D:13)
  A troll (D:11)
  2 slime creatures (D:12)
  A shadow (D:12)
  A centaur simulacrum (D:12)
  A wyvern (D:8)
  A yak (D:7)
  3 hogs (D:7)
  A human (D:7)
  2 basilisks
  A steam dragon (D:8)
  2 sky beasts
  3 black bears
  3 orc warriors
  2 ice beasts
  A necrophage (D:8)
  2 phantoms
  5 centaurs
  3 ogres
  2 lemures (D:7)
  A big kobold (D:10)
  5 bullfrogs
  2 water moccasin zombies
  8 scorpions
  12 wights
  5 electric eels (D:7)
  A howler monkey (D:13)
  A vampire bat (D:3)
  A centaur zombie (Ossuary)
  2 bullfrog zombies (D:10)
  A human zombie (Ossuary)
  9 orc priests
  6 hounds
  Terence (D:3)
  8 orc wizards
  5 worker ants
  2 iguanas
  2 killer bee zombies
  A big kobold zombie (Ossuary)
  2 hound skeletons
  3 mummies (Ossuary)
  A howler monkey skeleton (D:9)
  21 gnolls
  A worker ant zombie (D:9)
  9 adders
  3 scorpion zombies (Ossuary)
  5 white imps
  An ooze (D:5)
  4 worms
  3 dart slugs
  3 fire bats (D:3)
  5 leopard geckos
  45 orcs
  2 spectral bats (D:3)
  4 ball pythons
  3 bat skeletons (D:3)
  A bat zombie (D:3)
  4 giant cockroaches
  8 goblins
  14 hobgoblins
  6 jackals
  3 quokkas
  12 bats (D:3)
  A bat simulacrum (D:3)
  6 frilled lizards
  A goblin zombie (Ossuary)
  A hobgoblin zombie (Ossuary)
  A jackal zombie (D:5)
  8 kobolds
  3 kobold zombies (Ossuary)
  A leopard gecko skeleton (D:4)
  A leopard gecko zombie (D:5)
  4 orc zombies (Ossuary)
  A quokka skeleton (D:6)
  11 rats
326 creatures vanquished.

Vanquished Creatures (collateral kills)
  2 orcs (D:13)
2 creatures vanquished.

Vanquished Creatures (others)
  10 plants
10 creatures vanquished.

Grand Total: 338 creatures vanquished

Notes
Turn   | Place    | Note
-------+----------+-------------------------------------------
     0 | D:1      | Chiseanne the Demonspawn Hedge Wizard began the quest for
                  | the Orb.
     0 | D:1      | Reached XP level 1. HP: 13/13 MP: 4/4
   237 | D:1      | Gained mutation: You are partially covered in sharp spines.
                  | [demonic ancestry]
   237 | D:1      | Reached XP level 2. HP: 19/19 MP: 1/6
  1222 | D:2      | Gained mutation: You are partially covered in large bone
                  | plates. (SH +4) [demonic ancestry]
  1222 | D:2      | Reached XP level 3. HP: 24/24 MP: 6/8
  1652 | D:2      | Gained mutation: You are mostly covered in sharp spines.
                  | [demonic ancestry]
  1652 | D:2      | Reached XP level 4. HP: 30/31 MP: 9/9
  1908 | D:3      | Reached skill level 1 in Fighting
  1908 | D:3      | Reached skill level 1 in Shields
  1970 | D:3      | Reached XP level 5. HP: 14/37 MP: 11/11
  2280 | D:3      | Noticed Terence
  2296 | D:3      | Killed Terence
  2587 | D:3      | Reached skill level 2 in Shields
  2587 | D:3      | Gained mutation: You are completely covered in sharp
                  | spines. [demonic ancestry]
  2587 | D:3      | Reached XP level 6. HP: 22/44 MP: 12/12
  2997 | D:3      | Learned a level 2 spell: Blink
  3001 | D:3      | Learned a level 3 spell: Mephitic Cloud
  3598 | D:4      | Reached skill level 1 in Poison Magic
  3861 | D:4      | Reached skill level 1 in Air Magic
  4261 | D:4      | Reached XP level 7. HP: 29/52 MP: 11/13
  4979 | D:5      | Entered Level 5 of the Dungeon
  5007 | D:5      | Reached skill level 3 in Shields
  5675 | D:5      | Found a shimmering altar of Xom.
  5883 | D:6      | Gained mutation: You are mostly covered in large bone
                  | plates. (SH +6) [demonic ancestry]
  5883 | D:6      | Reached XP level 8. HP: 58/60 MP: 14/14
  5979 | D:6      | Reached skill level 4 in Shields
  6887 | D:7      | Got a jewelled spear
  6899 | D:7      | Identified the +4 spear of the Rattlesnake {drain, rPois
                  | MP+9 Int+2} (You found it on level 7 of the Dungeon)
  6969 | D:7      | Reached skill level 5 in Fighting
  7495 | D:7      | Noticed Pikel
  7511 | D:7      | Reached XP level 9. HP: 68/68 MP: 7/15
  7528 | D:7      | Killed Pikel
  7529 | D:7      | Reached skill level 5 in Shields
  7529 | D:7      | Reached skill level 5 in Poison Magic
  7829 | D:7      | Reached skill level 5 in Air Magic
  8171 | D:7      | Found a staircase to the Ecumenical Temple.
  8287 | Temple   | Entered the Ecumenical Temple
  8321 | Temple   | Became a worshipper of Vehumet
  8610 | D:8      | Reached skill level 6 in Shields
  8637 | D:8      | Found a sand-covered staircase.
  8644 | Ossuary  | Entered an ossuary
  8805 | Ossuary  | Reached * piety under Vehumet
  8805 | Ossuary  | Offered knowledge of Freeze by Vehumet.
  9438 | D:8      | Reached skill level 5 in Spellcasting
  9438 | D:8      | Gained mutation: You have large cloven feet. [demonic
                  | ancestry]
  9438 | D:8      | Reached XP level 10. HP: 31/77 MP: 17/17
 10067 | D:8      | Noticed an elephant
 10091 | D:8      | Killed an elephant
 10092 | D:8      | Found a staircase to the Lair.
 10454 | D:9      | Learned a level 4 spell: Airstrike
 10459 | D:9      | Learned a level 4 spell: Sticky Flame
 10583 | D:9      | Reached ** piety under Vehumet
 10583 | D:9      | Offered knowledge of Sandblast by Vehumet.
 10699 | D:9      | Got a transparent dagger
 10700 | D:9      | Identified the +7 dagger "Pixah" {vorpal, *Contam rElec
                  | Dex+3} (You found it on level 9 of the Dungeon)
 10712 | D:9      | Gained mutation: Armour fits poorly on your strangely
                  | shaped body. [mutagenic glow]
 11208 | D:10     | Entered Level 10 of the Dungeon
 11246 | D:10     | Reached skill level 5 in Conjurations
 11819 | D:10     | Noticed a gargoyle
 11832 | D:10     | Reached skill level 1 in Fire Magic
 11854 | D:10     | Killed a gargoyle
 12240 | D:11     | Noticed a green ugly thing
 12280 | D:11     | Noticed a cyclops
 12287 | D:11     | Killed a cyclops
 12288 | D:11     | Reached skill level 7 in Shields
 12712 | D:11     | Noticed a seven-headed hydra
 12733 | D:10     | Killed a seven-headed hydra
 12951 | D:10     | Killed a green ugly thing
 13261 | D:11     | Noticed a skeletal warrior
 13313 | D:11     | Noticed a skeletal warrior
 13314 | D:11     | Noticed a skeletal warrior
 13318 | D:11     | Noticed a skeletal warrior
 13597 | D:11     | Found a stormy altar of Qazlal.
 13654 | D:11     | Offered knowledge of Frozen Ramparts by Vehumet.
 13721 | D:11     | Reached XP level 11. HP: 83/83 MP: 18/20
 14435 | D:12     | Noticed a centaur warrior
 14445 | D:12     | Noticed a brown ugly thing
 14445 | D:12     | Noticed an ogre mage
 14456 | D:12     | Killed an ogre mage
 14476 | D:12     | Killed a centaur warrior
 14477 | D:12     | Reached skill level 8 in Shields
 14480 | D:12     | Killed a brown ugly thing
 14480 | D:12     | Reached *** piety under Vehumet
 14796 | D:13     | Noticed a centaur warrior
 14827 | D:13     | Offered knowledge of Iskenderun's Mystic Blast by Vehumet.
 14828 | D:13     | Killed a centaur warrior
 14856 | D:13     | Learned a level 4 spell: Iskenderun's Mystic Blast
 14891 | D:13     | Noticed a boulder beetle
 14919 | D:13     | Killed a boulder beetle
 14920 | D:13     | Reached skill level 5 in Fire Magic
 14924 | D:13     | Noticed a deep elf mage
 14924 | D:13     | Noticed a boulder beetle
 14933 | D:13     | Killed a deep elf mage
 14951 | D:13     | Demolished by a boulder beetle

Illustrated notes

Levels and vault maps discovered:
D:1:      tarquinn_simple_flora_water_c, layout_loops_ring,
          hangedman_decor_growths, minmay_tiny_reverse_x
D:2:      layout_loops_ring, st_stairs_8, minmay_misc_feat_diagonals,
          minmay_goblin_kobold_house
D:3:      minmay_recursive_quarters, layout_loops_ring, goddamned_bats,
          uniq_terence
D:4:      layout_basic
D:5:      layout_rooms, tgw_xom, kennysheep_generic_room_8
D:6:      layout_loops_ring
D:7:      layout_cave_pools, minmay_temple_entry_gardened_gates, serial_bayou,
          serial_bayou_shore_b, serial_bayou_pond_d, serial_bayou_lagoon_b,
          serial_bayou_shore_b, grunt_livestock, uniq_pikel
D:8:      layout_basic, david_lair_generic, nicolae_ossuary_entry_ruins
D:9:      layout_loops_ring
D:10:     layout_basic
D:11:     layout_rooms, minmay_statues_item, nicolae_qazlal_style_of_elements
D:12:     minmay_blocky_corners, layout_basic, erik_orc_3, serial_shops,
          shop_fountains, minmay_misc_feat_tiny, lightli_wizard_tower,
          uniq_josephine, uniq_fannar, uniq_nergalle
D:13:     layout_layer_cave, gauntlet_entry_generic, basic_altar, drop_trap
Temple:   nicolae_temple_the_god_donut

Skill      XL: |  1  2  3  4  5  6  7  8  9 10 11 |
---------------+----------------------------------+-----
Conjurations   | 2 3 4 6 7 |  7.7
Fighting       | 1 2 3 4 5 6 |  6.4
Shields        | 1 2 3 4 6 7 8 |  8.7
Spellcasting   | 4 5 6 7 |  7.7
Poison Magic   | 1 3 4 5 |  5.8
Air Magic      | 1 2 4 5 6 |  6.1
Fire Magic     | 3 5 |  5.1
Dodging        | |  1.7
Stealth        | |  1.7
Summonings     | |  1.0
Translocations | |  0.8

Action                   |  1- 3 |  4- 6 |  7- 9 | 10-12 || total
-------------------------+-------+-------+-------+-------++-------
Melee: Dagger            |    58 |   112 |   311 |   251 ||   732
       Short sword       |     5 |       |       |    18 ||    23
       Spear             |       |       |     3 |       ||     3
       Mace              |       |       |       |    17 ||    17
Throw: Dart              |       |     4 |     7 |       ||    11
 Cast: Magic Dart        |    29 |    60 |    98 |   116 ||   303
       Mephitic Cloud    |       |       |    24 |    27 ||    51
       Blink             |       |       |       |    15 ||    15
       Airstrike         |       |       |       |     2 ||     2
       Iskenderun's Myst |       |       |       |     5 ||     5
       Sticky Flame      |       |       |       |     2 ||     2
Evoke: Wand              |       |       |     5 |    16 ||    21
  Use: Scroll            |     1 |     9 |    13 |     8 ||    31
       Potion            |       |     2 |       |     1 ||     3
 Stab: Sleeping          |     6 |     3 |     5 |     1 ||    15
       Confused          |       |       |     7 |    14 ||    21
       Distracted        |       |       |     1 |       ||     1
       Paralysed         |       |       |       |    43 ||    43
Armor: Robe              |     4 |    20 |    31 |    38 ||    93
       Troll leather arm |       |       |       |    20 ||    20
Dodge: Dodged            |    30 |    32 |   105 |   104 ||   271
Block: Buckler           |     5 |    34 |   165 |   221 ||   425
       Other             |     1 |       |       |       ||     1
